AoeStats
← bumbsbomba74

Arabia

503255503Analyzed
1v1 RM · 1mo ago on Aug 30, 2026· 35m 28s· 2 players
Game mode
Random Map
Map size
Tiny (2 player)
Population
200
Speed
Normal
Resources
Standard
Victory
Conquest
Starting age
Dark Age
Ending age
Imperial Age
RankedLock teamsTeams togetherTeam positionsShared explorationLock speedFull tech treeHidden civsTurbo modeCheats
Victory
Defeat
🇩🇪 Persians · Germany
1310
+16
🇲🇽 Ethiopians · Mexico
1306
-16
[LMB] Vortex
6:24 Loom
9:23 Feudal Age
9:51 Double-Bit Axe
11:44 Fletching
17:33 Wheelbarrow
23:38 Castle Age
23:45 Horse Collar
24:32 Scale Barding Armor
25:03 Forging
25:35 Chain Barding Armor
31:18 Bodkin Arrow
31:33 Crossbowman
33:43 Iron Casting
33:30 Scale Mail Armor
33:57 Squires
35:46 Chain Mail Armor
bumbsbomba74
6:18 Loom
9:04 Feudal Age
9:30 Double-Bit Axe
12:51 Horse Collar
18:54 Castle Age
18:02 Fletching
18:52 Scale Barding Armor
19:29 Elite Skirmisher
23:07 Bodkin Arrow
27:14 Chain Barding Armor
27:19 Bow Saw
29:19 Husbandry
30:47 Forging
31:08 Bloodlines
31:58 Wheelbarrow
35:37 Imperial Age
33:39 Gold Mining
35:35 Iron Casting
36:38 Plate Barding Armor
Connection lost

Rejoining the realm…

Still unreachable

The connection could not be restored.

Session expired

The server has moved on; the page needs a fresh start.